 Dungeon Crawl Stone Soup version 0.20.0-8-g6b59dc7 (webtiles) character file.

604 miragecloak the Insei (level 7, 0/43 HPs)
             Began as an Octopode Transmuter on June 1, 2017.
             Was an Initiate of Ashenzari.
             Slain by Pikel
             ... wielding a +2 whip of freezing
              (5 damage)
             ... on level 5 of the Dungeon.
             The game lasted 00:05:26 (4721 turns).

miragecloak the Insei (Octopode Transmuter)         Turns: 4721, Time: 00:05:27

Health: 0/43       AC:  2    Str:  9    XL:     7   Next: 42%
Magic:  7/10       EV: 20    Int: 15    God:    Ashenzari [......]
Gold:   267        SH:  3    Dex: 20    Spells: 6/10 levels left

rFire    . . .     SeeInvis .     - Unarmed
rCold    . . .     Gourm    .   (shield currently unavailable)
rNeg     . . .     Faith    .   (helmet currently unavailable)
rPois    .         Spirit   .   h - +3 amulet of reflection
rElec    .         Reflect  +   r - ring of poison resistance
rCorr    .         Harm     .   (no ring)
MR       .....                  (no ring)
Stlth    ++........             (no ring)
Regen    0.2/turn               (no ring)
MPRegen  0.2/turn               (no ring)
                                (no ring)
                                (no ring)

@: spider-form
A: almost no armour, stealthy swim, (amphibious), 8 rings, (constrict 8)
a: End Transformation, Curse Item, Renounce Religion


You were on level 5 of the Dungeon.
You worshipped Ashenzari.
Ashenzari was noncommittal.
You were hungry.
You were a venomous arachnid creature.
You visited 2 branches of the dungeon, and saw 6 of its levels.

You collected 267 gold pieces.

Inventory:

Missiles
 a - 66 arrows
Jewellery
 h - a +3 amulet of reflection (around neck)
 r - a ring of poison resistance (left front leg)
Wands
 u - a wand of flame (29/48)
 v - a wand of random effects (45/48)
Scrolls
 d - 2 scrolls of remove curse
 g - 3 scrolls of enchant weapon {unknown}
 i - 6 scrolls of identify {unknown}
 j - 2 scrolls of teleportation {unknown}
 k - a scroll of magic mapping {unknown}
 q - a scroll of amnesia {unknown}
 s - a scroll of fear {unknown}
Potions
 c - a potion of mutation {unknown}
 e - a potion of agility {unknown}
 f - 2 potions of invisibility {unknown}
 l - a potion of lignification {unknown}
 p - 3 potions of heal wounds {unknown}
 t - a potion of flight {unknown}
 w - a potion of haste
 x - 2 potions of curing {unknown}
Books
 b - a book of Changes

   Spells                             Type                      Level
   a - Beastly Appendage              Transmutation                1
   b - Sticks to Snakes               Transmutation                2
   c - Spider Form                    Transmutation/Poison         3
   d - Ice Form                       Ice/Transmutation            4
   e - Blade Hands                    Transmutation                5
Comestibles
 m - 2 bread rations
 n - 3 meat rations
 o - 2 royal jellies
 z - 3 chunks of flesh


   Skills:
 - Level 1.0 Fighting
 - Level 2.0 Dodging
 + Level 6.2 Unarmed Combat
 - Level 2.0 Spellcasting
 - Level 5.0 Transmutations
 - Level 3.1 Poison Magic


You had 6 spell levels left.
You knew the following spells:

 Your Spells              Type           Power        Failure   Level  Hunger
a - Beastly Appendage     Tmut           ###...       10%         1    #......
b - Spider Form           Tmut/Pois      ##........   28%         3    ###....


Dungeon Overview and Level Annotations

Branches:
Dungeon (5/15)             Temple (1/1) D:4

Altars:
Ashenzari
Elyvilon
Gozag
Hepliaklqana
Nemelex Xobeh
Okawaru
Trog
Uskayaw
Vehumet
Xom
Yredelemnul

Annotations:
D:5 1 runed door, Grinder, Pikel


Innate Abilities, Weirdness & Mutations

You cannot wear most types of armour.
You are very stealthy in the water. (Stealth+)
((You are amphibious.))
You can wear up to eight rings at the same time.
((You can use your tentacles to constrict eight enemies at once.))
((Your skin changes colour to match your surroundings (Stealth+).))
((Your rubbery body absorbs attacks. (AC +1, EV +1)))


Message History

You turn into a venomous arachnid creature.
Pikel completely misses you. Pikel closely misses you.
You see here 3 arrows.
Pikel hits you with a whip of freezing! Pikel freezes you.
There is a stone staircase leading down here.
You hit Pikel but do no damage.
Pikel is poisoned.
Pikel barely misses you.
You hit Pikel.
Pikel looks as sick as possible!
Pikel is lightly wounded.
Pikel hits you with a whip of freezing. Pikel freezes you.
* * * LOW HITPOINT WARNING * * *
Pikel completely misses you.
You hit Pikel but do no damage.
Pikel looks as sick as possible!
Pikel is moderately wounded.
Pikel hits you with a whip of freezing.
* * * LOW HITPOINT WARNING * * *
Pikel freezes you.
* * * LOW HITPOINT WARNING * * *
Pikel hits you with a whip of freezing.
You die...

#####.###..(.#.....#.# #.#
...... #..#(#.....#.# #.#
....###..#.#.......# #.#
####......#.#.......# #.#
###.##....)......###.#
#..................#
########(#########.###.#
.........#### #.# #.####
###.......Ks.######.###.....
.....###.##.......#........
##...# #.#########[########
.######.###.# #.#
............# #.#####
######.##### #.....# #.#
#####.# #.# #.# #.# #.#


You could see Pikel.

Vanquished Creatures
  A slave (D:5)
  2 ogres
  A centaur (D:5)
  A scorpion (D:5)
  A bullfrog zombie (D:3)
  Jessica (D:3)
  Ijyb (D:3)
  9 adders
  2 shadow imps (D:5)
  3 worms (D:2)
  A dart slug (D:2)
  7 leopard geckos
  10 orcs
  2 ball pythons
  9 bats
  11 giant cockroaches
  10 goblins
  11 hobgoblins
  4 jackals
  2 quokkas (D:5)
  3 frilled lizards
  6 kobolds
  10 rats
108 creatures vanquished.

Notes
Turn   | Place    | Note
-------+----------+-------------------------------------------
     0 | D:1      | miragecloak the Octopode Transmuter began the quest for the Orb.
     0 | D:1      | Reached XP level 1. HP: 13/13 MP: 3/3
   110 | D:1      | Reached XP level 2. HP: 14/18 MP: 3/5
   364 | D:1      | Reached XP level 3. HP: 23/23 MP: 4/6
  1257 | D:2      | Reached XP level 4. HP: 25/28 MP: 5/7
  1576 | D:2      | Found a sparkling altar of Nemelex Xobeh.
  1924 | D:3      | Noticed Jessica
  1936 | D:3      | Killed Jessica
  1936 | D:3      | Reached skill level 5 in Transmutations
  1936 | D:3      | Reached XP level 5. HP: 25/33 MP: 8/8
  1941 | D:3      | Learned a level 3 spell: Spider Form
  2055 | D:3      | Noticed Ijyb
  2061 | D:3      | Reached skill level 1 in Poison Magic
  3177 | D:3      | Killed Ijyb
  3177 | D:3      | Reached XP level 6. HP: 38/38 MP: 6/9
  3248 | D:3      | Found a hide-covered altar of Uskayaw.
  3250 | D:3      | Found a hazy altar of Hepliaklqana.
  3324 | D:4      | Reached skill level 4 in Unarmed Combat
  3510 | D:4      | Found a staircase to the Ecumenical Temple.
  3530 | Temple   | Entered the Ecumenical Temple
  3547 | Temple   | Became a worshipper of Ashenzari the Shackled
  3939 | D:5      | Entered Level 5 of the Dungeon
  3977 | D:5      | Reached skill level 5 in Unarmed Combat
  4034 | D:5      | Reached XP level 7. HP: 13/43 MP: 0/10
  4299 | D:5      | Noticed Grinder
  4527 | D:5      | Found a runed door.
  4587 | D:5      | Noticed Pikel
  4704 | D:5      | Reached skill level 6 in Unarmed Combat
  4721 | D:5      | Slain by Pikel

Skill      XL: |  1  2  3  4  5  6  7 |
---------------+----------------------+-----
Transmutations | 3 4 5 |  5.0
Poison Magic   | 3 |  3.1
Unarmed Combat | 5 6 |  6.2
Fighting       | |  1.0
Dodging        | |  2.0
Spellcasting   | |  2.0

Action                   |  1- 3 |  4- 6 |  7- 9 || total
-------------------------+-------+-------+-------++-------
Melee: Unarmed           |    91 |   147 |    41 ||   279
       Tentacles         |    16 |     5 |       ||    21
       Kick              |    25 |    15 |       ||    40
       Constrict         |    24 |    13 |       ||    37
       Punch             |     1 |     1 |       ||     2
 Cast: Beastly Appendage |    25 |    14 |     1 ||    40
       Spider Form       |       |    29 |     8 ||    37
 Stab: Sleeping          |     4 |     6 |       ||    10
  Eat: Chunk             |     1 |     8 |     4 ||    13
       Bread ration      |       |     1 |       ||     1
Armor: Skin              |     4 |    10 |     4 ||    18
Dodge: Dodged            |    52 |   109 |    30 ||   191
Block: Other             |     2 |    13 |     2 ||    17
